[Event "WYCC 2018 O16"]
[Site "Halkidiki"]
[Date "2018.10.29"]
[Round "10"]
[White "Stoleriu, George"]
[Black "Alivodic, Dario"]
[Result "1/2-1/2"]
[ECO "C15"]
[WhiteElo "2362"]
[BlackElo "2082"]
[Annotator "NA"]
[PlyCount "48"]
[EventDate "2018.10.20"]
[EventType "swiss"]
[EventCountry "GRE"]
[SourceTitle "playchess.com"]
[Source "ChessBase"]
[SourceQuality "1"]
[TimeControl "40/5400+30:1800+30"]

1. e4 e6 2. d4 d5 3. Nc3 Bb4 4. exd5 exd5 5. Bd3 {[%emt 0:00:00] LiveBook: 1894 Partien} Nc6 6. a3 Bxc3+ 7. bxc3 Nge7 8. Qh5 g6 {[%emt 0:01:32] C01: Französische Verteidigung (Abtauschvariante)} (8... Be6 9. Ne2 Qd7 10. Ng3 O-O-O 11. h3 g6 12. Qf3 Nf5 13. Nxf5 Bxf5 14. Bxf5 gxf5 15. O-O Rde8 16. Bf4 Re4 17. g3 h5 {1-0 (30) Onischuk,V (2612)-Kovalenko,I (2700) Berlin 2015}) 9. Qf3 Bf5 10. Bg5 (10. Rb1 $14) 10... Qd6 11. Ne2 f6 12. Bf4 Qd7 13. a4 $146 ({Vorgänger:} 13. h3 O-O {½-½ (13) Standke,W-Hammel,R Mecklenburg VP 1999}) 13... O-O-O 14. h3 h5 15. Ng3 Bxd3 16. cxd3 Rde8 17. Kd2 {[%emt 0:00:51] [#]} Nf5 ({Better is} 17... h4 $1 $17 18. Nf1 g5) 18. Nxf5 $15 Qxf5 19. h4 Re6 20. Rh3 Na5 21. Kc2 Rb6 22. Be3 Qd7 23. Rhh1 Re8 24. Ra3 f5 1/2-1/2

[Event "WYCC 2018 O16"]
[Site "Halkidiki"]
[Date "2018.10.29"]
[Round "10"]
[White "Baenziger, Fabian"]
[Black "Carlsson, Ludvig"]
[Result "1-0"]
[ECO "A40"]
[WhiteElo "2355"]
[BlackElo "2058"]
[Annotator "NA"]
[PlyCount "45"]
[EventDate "2018.10.20"]
[EventType "swiss"]
[EventCountry "GRE"]
[SourceTitle "playchess.com"]
[Source "ChessBase"]
[SourceQuality "1"]
[TimeControl "40/5400+30:1800+30"]

1. d4 {[%emt 0:00:00] Ribli,Z} g6 2. Nf3 Bg7 3. g3 d6 4. Bg2 Nd7 5. O-O e5 6. c4 Ne7 7. Nc3 O-O 8. e4 exd4 9. Nxd4 Nc6 10. Nde2 a5 11. f4 {[%emt 0:05:57] A42: Modern Defence: Averbakh Variation} Nc5 12. Be3 Re8 13. h3 a4 {[%emt 0:08:18] [#]} 14. Rb1 $146 ({Predecessor:} 14. Rc1 Be6 15. b3 Nb4 16. Rb1 axb3 17. axb3 c6 18. Bd4 Bxd4+ 19. Nxd4 {1-0 (41) Bocharov,D (2574)-Tkachiev,V (2625) Kazan 2005 CBM 109 [Ribli,Z]}) 14... Ra5 15. b4 axb3 16. axb3 Na6 17. Qd2 Nab4 18. Rbd1 f5 19. Nd4 $14 fxe4 20. Nxc6 Nxc6 21. Nxe4 Ra3 22. Ng5 Bf6 23. Qd5+ 1-0

[Event "WYCC 2018 O16"]
[Site "Halkidiki"]
[Date "2018.10.29"]
[Round "10"]
[White "Mitsis, Georgios"]
[Black "Gabizon, Eyal"]
[Result "0-1"]
[ECO "E92"]
[WhiteElo "2350"]
[BlackElo "2205"]
[Annotator "NA"]
[PlyCount "90"]
[EventDate "2018.10.20"]
[EventType "swiss"]
[EventCountry "GRE"]
[SourceTitle "playchess.com"]
[Source "ChessBase"]
[SourceQuality "1"]
[TimeControl "40/5400+30:1800+30"]

1. d4 Nf6 2. Nf3 g6 3. c4 Bg7 4. Nc3 O-O 5. e4 d6 6. Be2 e5 7. Be3 Nc6 8. d5 Ne7 9. Nd2 Nd7 10. b4 f5 11. f3 c5 {[%emt 0:14:34] E92: King's Indian: Classical: 6 Be2 e5: 7 dxe5, 7 Be3 and Petrosian System without 7...Nbd7} (11... Nf6 12. c5 Nh5 13. g3 Nf4 14. Bf1 fxe4 15. fxe4 h5 16. Nc4 Bg4 17. Qd2 Nh3 18. Be2 Kh7 19. Bxg4 hxg4 20. O-O-O {1-0 (39) Del Rio de Angelis,S (2556)-Perez Mitjans,O (2442) Atarrabia 2016}) 12. dxc6 bxc6 $146 ({Predecessor:} 12... Nxc6 13. Rb1 Bh6 14. Bf2 Nf6 15. O-O Be6 16. Re1 Nh5 17. Nf1 Nf4 18. Ng3 Nh3+ 19. gxh3 {1-0 (30) Jimenez Fernandez,A (2003)-Fernandez Rubio,R (1958) Spain 2010}) 13. O-O Nf6 14. Nb3 Be6 15. Qc2 d5 16. Rad1 d4 17. Na4 f4 18. Bf2 g5 19. c5 g4 20. Bxd4 exd4 21. Nxd4 Bd7 22. Bc4+ Kh8 23. Ne6 Qe8 24. Nxf8 Bxf8 25. Rd6 Bg7 26. Rfd1 gxf3 27. gxf3 Ng6 28. Qf2 Ne5 29. Be2 Qg6+ 30. Kh1 $15 Qh5 31. Nb2 Rf8 32. Nd3 Nxd3 33. R1xd3 Be8 34. Rd8 Qf7 35. Bd1 Nd7 36. Bb3 Qe7 37. Ra8 Ne5 38. Rdd8 Bf6 39. Rdb8 Bg7 40. Qf1 Ng4 41. Qg2 Ne3 42. Qh3 Qe5 43. Rd8 Qa1+ 44. Bd1 Qc3 45. Qh4 Nxd1 0-1

[Event "WYCC 2018 O16"]
[Site "Halkidiki"]
[Date "2018.10.29"]
[Round "10"]
[White "Petriashvili, Nikoloz"]
[Black "Sankalp Gupta"]
[Result "1-0"]
[ECO "A10"]
[WhiteElo "2343"]
[BlackElo "2352"]
[Annotator "NA"]
[PlyCount "103"]
[EventDate "2018.10.20"]
[EventType "swiss"]
[EventCountry "GRE"]
[SourceTitle "playchess.com"]
[Source "ChessBase"]
[SourceQuality "1"]
[TimeControl "40/5400+30:1800+30"]

1. c4 g6 2. Nc3 Nf6 3. Nf3 Bg7 4. e4 c5 5. d4 cxd4 6. Nxd4 O-O 7. Be2 Nc6 8. Be3 b6 9. O-O Bb7 10. f3 e6 {[%emt 0:15:34] LiveBook: 125 Games} 11. Nxc6 Bxc6 {[%emt 0:08:14] B38: Sicilian: Maroczy Bind with 5...Bg7 and 7...0-0} 12. Qd6 (12. Qd2 d5 13. cxd5 exd5 14. e5 Ne8 15. f4 f6 16. Bd4 fxe5 17. fxe5 Nc7 18. Rxf8+ Qxf8 19. Bg4 {½-½ (48) Meskovs,N (2490)-Shaposhnikov,E (2557) chess.com INT 2017}) 12... Ne8 13. Qd2 Qe7 14. Rad1 f5 15. exf5 gxf5 16. f4 Rc8 17. Bd4 $146 ({Predecessor:} 17. b3 Nf6 18. Bf3 Rfd8 19. Bd4 {½-½ (26) Adamski,J-Balcerowski,W Augustow 1975}) 17... Nd6 18. b3 Ne4 19. Nxe4 Bxe4 $11 20. Bxg7 Qxg7 21. Bf3 d5 22. Bxe4 dxe4 23. Qd7 Qxd7 24. Rxd7 Rf7 25. Rfd1 Rc7 26. Rd8+ Rf8 27. R8d6 Re8 28. Kf2 Kf7 29. h3 h5 30. g4 hxg4 31. hxg4 fxg4 32. Rh1 Kf6 33. Rh6+ Kf5 34. Kg3 Ree7 35. Rh5+ Kf6 36. Rd4 Rcd7 37. Rxe4 Rd2 38. Rh6+ Kf7 39. f5 e5 40. Kxg4 Rxa2 41. Rh7+ Kf6 42. Rxe7 Kxe7 43. Rxe5+ Kf7 44. Rd5 Ke7 45. Rd3 a6 46. Re3+ Kf7 47. Re6 b5 48. cxb5 axb5 49. Rb6 Rg2+ 50. Kf4 Rf2+ 51. Ke5 Re2+ 52. Kd6 1-0

[Event "WYCC 2018 O16"]
[Site "Halkidiki"]
[Date "2018.10.29"]
[Round "10"]
[White "Olsen, Filip Boe"]
[Black "Engel, Luis"]
[Result "0-1"]
[ECO "E47"]
[WhiteElo "2335"]
[BlackElo "2441"]
[Annotator "NA RC"]
[PlyCount "56"]
[EventDate "2018.10.20"]
[EventType "swiss"]
[EventCountry "GRE"]
[SourceTitle "playchess.com"]
[Source "ChessBase"]
[SourceQuality "1"]
[TimeControl "40/5400+30:1800+30"]

1. d4 Nf6 2. c4 e6 3. Nc3 Bb4 4. e3 O-O 5. Bd3 c5 6. Nf3 d5 7. cxd5 exd5 {[%emt 0:00:08] E53: Nimzo-Indian: Rubinstein: Main Line (4...0-0 5 Nf3 d5 6 Bd3 c5 7 0-0)} 8. dxc5 Nbd7 9. O-O Nxc5 10. Ne2 Bg4 {[%emt 0:10:38] LiveBook: 6 Partien} 11. Nfd4 Nxd3 12. Qxd3 Rc8 $146 ({Predecessor:} 12... Bxe2 13. Nxe2 Bd6 14. Bd2 Be5 15. Bc3 {½-½ (56) Harikrishna,P (2755)-Wojtaszek,R (2745) Shamkir 2017}) 13. b3 Bd6 14. Bb2 Re8 15. Rac1 Bb8 16. f3 Bh5 17. Nf4 Bg6 18. Nxg6 hxg6 19. Rxc8 Qxc8 20. Rd1 Qc7 21. f4 a6 22. h3 Ba7 23. Qc2 Qe7 24. Rd3 Nh5 $15 25. Kh2 Qh4 26. Qc3 Qg3+ 27. Kh1 Nxf4 28. Rd2 Rxe3 0-1

[Event "WYCC 2018 O16"]
[Site "Halkidiki"]
[Date "2018.10.29"]
[Round "10"]
[White "Sahidi, Samir"]
[Black "Thilakarathne, G M H"]
[Result "1/2-1/2"]
[ECO "B59"]
[WhiteElo "2315"]
[BlackElo "2268"]
[Annotator "NA"]
[PlyCount "89"]
[EventDate "2018.10.20"]
[EventType "swiss"]
[EventCountry "GRE"]
[SourceTitle "playchess.com"]
[Source "ChessBase"]
[SourceQuality "1"]
[TimeControl "40/5400+30:1800+30"]

1. e4 c5 2. Nf3 d6 3. d4 cxd4 4. Nxd4 Nf6 5. Nc3 Nc6 6. Be2 e5 7. Nb3 Be7 8. Bg5 O-O 9. Bxf6 Bxf6 10. Nd5 Be6 11. O-O Bg5 12. Qd3 {[%emt 0:02:42] LiveBook: 3 Games B59: Classical Sicilian: 6 Be2 e5 7 Nb3} (12. c3 Rc8 13. Bg4 Qd7 14. h3 g6 15. Bf3 Ne7 16. Nxe7+ Bxe7 17. Bg4 Bd8 18. Bxe6 fxe6 19. Nd2 Bb6 20. Nf3 Qc6 {½-½ (46) Liang,J (2465)-Gao,R (2566) China 2018}) 12... Rc8 13. c3 Ne7 14. Nxe7+ Qxe7 15. Rfd1 Rfd8 16. Bf3 g6 17. g3 $146 ({Predecessor:} 17. Nd2 f5 18. exf5 gxf5 19. Bd5 Bxd5 20. Qxd5+ {1-0 (40) Sobhani,F-Rezaei,R (2270) Iran 1993}) 17... h5 18. h4 Bh6 19. Nd2 Kg7 20. Nf1 Bc4 21. Qc2 b5 22. a3 Qe6 23. Nd2 Bxd2 24. Qxd2 Bb3 25. Re1 d5 26. exd5 Bxd5 27. Bxd5 Rxd5 28. Qe3 Qd7 29. Re2 Kh7 30. Rae1 $15 Re8 31. Qf3 a6 32. Kh2 Re6 33. Qe3 Kg7 34. Qe4 Kh7 35. Qb4 Kg7 36. b3 Qc7 37. c4 bxc4 38. bxc4 Rd4 39. Rc1 Rc6 40. Rec2 Rc5 41. Qe1 Rdxc4 42. Rxc4 Rxc4 43. Rxc4 Qxc4 44. Qxe5+ Kh7 45. Qe3 1/2-1/2

[Event "WYCC 2018 O16"]
[Site "Halkidiki"]
[Date "2018.10.29"]
[Round "10"]
[White "Mis, Mieszko"]
[Black "Triantos, Konstantinos"]
[Result "0-1"]
[ECO "A62"]
[WhiteElo "2307"]
[BlackElo "2002"]
[Annotator "NA"]
[PlyCount "124"]
[EventDate "2018.10.20"]
[EventType "swiss"]
[EventCountry "GRE"]
[SourceTitle "playchess.com"]
[Source "ChessBase"]
[SourceQuality "1"]
[TimeControl "40/5400+30:1800+30"]

1. d4 Nf6 2. c4 e6 3. g3 c5 4. d5 exd5 5. cxd5 d6 6. Nc3 g6 7. Bg2 Bg7 8. Nf3 O-O 9. O-O Re8 10. Bf4 Na6 11. Re1 Bf5 12. Nd2 Nh5 13. e4 Nxf4 14. gxf4 Bd7 15. Nc4 Qf6 16. Qf3 Nb4 17. Re2 h5 $11 18. h3 b5 19. e5 dxe5 20. Nxe5 Bf5 21. d6 Qxd6 22. Qb7 Bxe5 23. fxe5 Qe6 24. Nd5 Rab8 25. Nf6+ Kh8 26. Qf3 Red8 27. Qf4 Kg7 28. Qg5 Rh8 29. h4 Nd3 30. Bd5 Nxe5 31. Bxe6 Nf3+ 32. Kg2 Nxg5 33. Bxf5 Kxf6 34. Bd7 Ne6 35. Bxe6 Rhe8 36. Rc2 Rxe6 37. Rxc5 Re2 38. b4 Re4 39. a4 Rxh4 40. axb5 Rxb4 41. Ra5 Rb7 42. Kg3 Rb3+ 43. Kg2 Kg7 44. Kh2 h4 45. Kg2 Rb6 46. Kg1 h3 47. Re5 Kf6 48. Rc5 Re6 49. Rxa7 Re1+ 50. Kh2 Re2 51. Kg1 h2+ 52. Kxh2 Rxf2+ 53. Kg1 Rd2 54. Rc1 Rg3+ 55. Kh1 Rf3 56. b6 Rb2 57. Rb7 Kg5 58. Kg1 Kg4 59. Rcc7 Kh3 60. Rc1 Rg2+ 61. Kh1 Rh2+ 62. Kg1 Rg3+ 0-1

[Event "WYCC 2018 O16"]
[Site "Halkidiki"]
[Date "2018.10.29"]
[Round "10"]
[White "Milosevic, Milos"]
[Black "Schitco, Ivan"]
[Result "0-1"]
[ECO "B12"]
[WhiteElo "2306"]
[BlackElo "2376"]
[Annotator "NA"]
[PlyCount "70"]
[EventDate "2018.10.20"]
[EventType "swiss"]
[EventCountry "GRE"]
[SourceTitle "playchess.com"]
[Source "ChessBase"]
[SourceQuality "1"]
[TimeControl "40/5400+30:1800+30"]

1. e4 c6 2. d4 d5 3. f3 Qb6 4. a4 e5 5. dxe5 a5 6. exd5 Bc5 7. Nh3 Bxh3 8. gxh3 Bf2+ 9. Ke2 cxd5 10. f4 Ne7 11. Bg2 Nbc6 12. Nc3 Bh4 (12... Rd8 $17) 13. Qg1 Nd4+ 14. Kd1 Qg6 15. Qxd4 Qxg2 16. Qg1 Qf3+ 17. Ne2 d4 18. Ra3 Qe4 19. Qf1 Rc8 20. Rd3 Bf2 21. Ng3 Bxg3 22. hxg3 $11 Nd5 23. Rh2 Nb4 24. Qf3 Qf5 25. g4 Qd7 26. Ra3 O-O 27. Qe4 Rc4 28. Qf5 Qc6 29. h4 g6 30. Qf6 Qe4 31. h5 Rxc2 32. Bd2 Rfc8 33. hxg6 Rc1+ 34. Bxc1 Rxc1+ 35. Kxc1 Qe1# 0-1

[Event "WYCC 2018 O16"]
[Site "Halkidiki"]
[Date "2018.10.29"]
[Round "10"]
[White "Travadon, Loic"]
[Black "Kalavannan, Koby"]
[Result "1/2-1/2"]
[ECO "A48"]
[WhiteElo "2293"]
[BlackElo "2365"]
[Annotator "NA"]
[PlyCount "157"]
[EventDate "2018.10.20"]
[EventType "swiss"]
[EventCountry "GRE"]
[SourceTitle "playchess.com"]
[Source "ChessBase"]
[SourceQuality "1"]
[TimeControl "40/5400+30:1800+30"]

1. d4 Nf6 2. Nf3 g6 3. c4 Bg7 4. Nc3 d6 5. e4 O-O 6. h3 Na6 7. Be3 c5 8. d5 e6 9. Bd3 exd5 10. exd5 Nb4 {[%emt 0:01:33] E90: King's Indian: Classical: Early deviations and 6 h3} (10... Bf5 11. Bxf5 gxf5 12. O-O Ne4 13. Nxe4 fxe4 14. Ng5 Qe7 15. Qb1 Rae8 16. h4 h6 17. Nh3 Qxh4 18. Nf4 {0-1 (39) Postny,E (2658)-Jones,G (2623) Berlin 2015}) 11. Bb1 b5 12. a3 Qa5 13. O-O bxc4 14. Bf4 Rd8 $146 ({Predecessor:} 14... Bb7 15. Qd2 Nd3 16. Bxd3 cxd3 17. Bxd6 Rfe8 18. b4 cxb4 19. Bxb4 {1-0 (106) Barbero,G (2440)-Forster,R (2470) Switzerland 1998}) 15. Bxg6 (15. Re1 $15) 15... hxg6 16. axb4 Qxb4 17. Qd2 Bf5 18. Rfe1 Qb7 19. Re3 Rab8 20. g4 Bd3 $1 21. Ne1 Qxb2 22. Qxb2 Rxb2 23. Nxd3 cxd3 24. Rxd3 Rb3 25. Rad1 Nxg4 26. hxg4 Rxc3 27. Rxc3 $19 Bxc3 28. Rd3 Bd4 29. Ra3 Rd7 30. Ra6 Be5 31. Bxe5 dxe5 32. d6 f6 33. Rc6 Kf7 34. Rxc5 Ke6 35. Ra5 f5 36. Kg2 fxg4 37. Kg3 Kf5 38. Ra4 Rxd6 39. Rxa7 Rd3+ 40. Kg2 Kf6 41. Ra6+ Kf5 42. Ra8 Rf3 43. Rf8+ Ke4 44. Rg8 Rf6 45. Kg3 Kd3 46. Ra8 Rf3+ 47. Kg2 e4 48. Ra3+ Ke2 49. Ra2+ Kd3 50. Ra3+ Kd4 51. Ra4+ Ke5 52. Ra8 Kf5 53. Rf8+ Kg5 54. Re8 Kf4 55. Rf8+ Kg5 56. Re8 g3 57. fxg3 Kf5 58. Re7 Ra3 59. Rf7+ Ke5 60. Kf2 Ra2+ 61. Ke3 Ra3+ 62. Kf2 Ra2+ 63. Ke3 Rg2 64. Re7+ Kf5 65. Rxe4 Rxg3+ 66. Kf2 Rg4 67. Re8 Rf4+ 68. Kg3 Rg4+ 69. Kf3 Kg5 70. Ra8 Rf4+ 71. Kg3 Rf5 72. Ra4 Rb5 73. Rg4+ Kf5 74. Rf4+ Ke6 75. Kg4 g5 76. Ra4 Rd5 77. Ra6+ Rd6 78. Rxd6+ Kxd6 79. Kxg5 1/2-1/2

[Event "WYCC 2018 O16"]
[Site "Halkidiki"]
[Date "2018.10.29"]
[Round "10"]
[White "Jakab, Bela"]
[Black "Teclaf, Pawel"]
[Result "0-1"]
[ECO "C10"]
[WhiteElo "2285"]
[BlackElo "2384"]
[Annotator "NA"]
[PlyCount "76"]
[EventDate "2018.10.20"]
[EventType "swiss"]
[EventCountry "GRE"]
[SourceTitle "playchess.com"]
[Source "ChessBase"]
[SourceQuality "1"]
[TimeControl "40/5400+30:1800+30"]

1. e4 e6 2. d4 d5 3. Nc3 Nc6 4. e5 f6 5. Nf3 fxe5 6. Nxe5 Nxe5 7. dxe5 Bd7 8. Bd3 Qh4 9. g3 Qe7 10. h4 Qf7 11. Bg5 Bc5 12. Qe2 Ne7 13. Bxe7 Bxe7 14. O-O-O $11 O-O-O 15. f4 Kb8 16. h5 c5 17. Qf2 g5 18. hxg6 hxg6 19. Rh2 g5 20. Rdh1 Rxh2 21. Rxh2 c4 22. Rh7 Qf8 23. Bf1 Bc5 24. Qd2 Qg8 25. Rh6 gxf4 26. Qxf4 Be7 27. Rf6 Ka8 28. b3 cxb3 29. axb3 Rc8 30. Bb5 Qd8 31. Bxd7 Qxd7 32. Ne2 Qc7 33. Nd4 Bxf6 34. Qxf6 Qc3 35. Qxe6 Qa1+ 36. Kd2 Qxd4+ 37. Kc1 Qa1+ 38. Kd2 Qc3+ 0-1

[Event "WYCC 2018 O16"]
[Site "Halkidiki"]
[Date "2018.10.29"]
[Round "10"]
[White "Peng, Hongchi"]
[Black "Guerra Rivera, Salvador"]
[Result "0-1"]
[ECO "B35"]
[WhiteElo "2273"]
[BlackElo "2340"]
[Annotator "NA"]
[PlyCount "82"]
[EventDate "2018.10.20"]
[EventType "swiss"]
[EventCountry "GRE"]
[SourceTitle "playchess.com"]
[Source "ChessBase"]
[SourceQuality "1"]
[TimeControl "40/5400+30:1800+30"]

1. e4 c5 2. Nf3 Nc6 3. d4 cxd4 4. Nxd4 g6 5. Nc3 Bg7 6. Be3 Nf6 7. Bc4 O-O 8. Bb3 Re8 {[%emt 0:00:24] B35: Sicilian: Accelerated Dragon with 5 Nc3: main line} 9. f3 d5 10. exd5 Nb4 11. Nde2 e6 12. d6 $146 ({Predecessor:} 12. Bd4 exd5 13. Qd2 Nc6 14. O-O-O Nxd4 15. Nxd4 Bd7 16. g4 {1-0 (33) Navara,D (2740)-Gelfand,B (2703) Batumi 2018}) 12... Nfd5 13. Bd4 Bh6 14. a3 Nc6 15. Bxd5 exd5 16. Nxd5 Nxd4 (16... Re6 $1 $11) 17. Qxd4 Bg7 18. Qb4 (18. Ne7+ $16 Rxe7 19. dxe7 Qxe7 20. Qb4) 18... a5 19. Qc5 b6 20. Qc6 Ba6 21. Ne7+ Kh8 $15 22. c4 Bxb2 23. Rd1 Bxa3 24. O-O Bc5+ 25. Kh1 Bxd6 26. Nf5 gxf5 27. Rxd6 Qc8 28. Qxb6 Rxe2 29. Rfd1 Qe8 30. Qd4+ Kg8 31. Qh4 Re6 32. c5 Qe7 33. Qg3+ Rg6 34. Qf4 Re8 35. h4 Qe2 36. R6d2 Qe5 37. Qa4 Bb7 38. Qb3 Bc6 39. Qc4 Qg3 40. Rf1 f4 41. h5 Rg5 0-1

[Event "WYCC 2018 O16"]
[Site "Halkidiki"]
[Date "2018.10.29"]
[Round "10"]
[White "Semjonovs, Ilja"]
[Black "Wachinger, Nikolas"]
[Result "1-0"]
[ECO "B90"]
[WhiteElo "2245"]
[BlackElo "2360"]
[Annotator "NA"]
[PlyCount "91"]
[EventDate "2018.10.20"]
[EventType "swiss"]
[EventCountry "GRE"]
[SourceTitle "playchess.com"]
[Source "ChessBase"]
[SourceQuality "1"]
[TimeControl "40/5400+30:1800+30"]

1. e4 c5 2. Nf3 d6 3. d4 Nf6 4. Nc3 cxd4 5. Nxd4 a6 6. Be3 Ng4 7. Bc1 Nf6 8. Be3 Ng4 9. Bc1 Nc6 10. Nxc6 bxc6 11. Be2 Nf6 12. O-O e5 13. f4 Nd7 14. Bg4 Be7 15. Bxd7+ Qxd7 16. fxe5 dxe5 17. Qxd7+ Bxd7 $11 18. Be3 Rb8 19. b3 O-O 20. Na4 Rfe8 21. h3 Be6 22. Bc5 Bg5 23. Rad1 Rbd8 24. Bb6 Rxd1 25. Rxd1 f5 26. Re1 fxe4 27. Nc5 Bf5 28. Nxe4 Be7 29. Re2 Bg6 30. Bc7 Bb4 31. Bd6 a5 32. a3 Bxd6 33. Nxd6 Rd8 34. Nc4 a4 35. bxa4 e4 36. Ne5 Rd4 37. c4 Bf5 38. Kf2 Be6 39. Ke3 c5 40. Rd2 Bxc4 41. Rxd4 cxd4+ 42. Kxd4 Bf1 43. a5 Bxg2 44. a6 e3 45. Kxe3 Ba8 46. Nd7 1-0

[Event "WYCC 2018 O16"]
[Site "Halkidiki"]
[Date "2018.10.29"]
[Round "10"]
[White "Quirhuayo Chumbe, German Gonzalo"]
[Black "Szpar, Milosz"]
[Result "1/2-1/2"]
[ECO "B34"]
[WhiteElo "2220"]
[BlackElo "2328"]
[Annotator "NA"]
[PlyCount "121"]
[EventDate "2018.10.20"]
[EventType "swiss"]
[EventCountry "GRE"]
[SourceTitle "playchess.com"]
[Source "ChessBase"]
[SourceQuality "1"]
[TimeControl "40/5400+30:1800+30"]

1. e4 c5 2. Nf3 Nc6 3. d4 cxd4 4. Nxd4 Nf6 5. Nc3 e5 6. Ndb5 d6 7. Nd5 Nxd5 8. exd5 Nb8 9. c4 a6 10. Nc3 Be7 11. Bd3 O-O 12. O-O f5 13. f3 Bg5 {[%emt 0:05:16] B33: Sicilian: Pelikan and Sveshnikov Variations} (13... Nd7 14. Be3 Bg5 15. Bf2 b6 16. b4 Bb7 17. Qc2 g6 18. Kh1 Kh8 19. Rab1 Rc8 20. a4 Qe7 21. Bg1 Qg7 22. Rb3 Bf6 23. Qd2 {1-0 (41) Oparin,G (2526)-Tregubov,P (2614) Yerevan 2014}) 14. Bxg5 Qxg5 {[%emt 0:00:17] LiveBook: 20 Games} 15. b4 Nd7 16. Kh1 $146 ({Predecessor:} 16. Qc1 Qh4 17. Qe3 Qf6 18. Rac1 e4 19. fxe4 f4 20. Qf2 a5 21. bxa5 {0-1 (32) Figus,M-Ciuffoletti,P (2168) Turin 2000}) 16... e4 17. fxe4 f4 18. Qd2 Qh6 19. g3 f3 20. Qxh6 gxh6 21. Nd1 a5 22. c5 axb4 23. cxd6 b3 24. Bc4 bxa2 25. Rxa2 Rxa2 26. Bxa2 Ne5 27. Nf2 Bd7 28. Bb1 Bb5 29. Rc1 Ra8 30. g4 Kf8 31. h3 (31. Rc5 $11 {remains equal.} Bd7 32. h4) 31... Bc4 32. Kh2 Ke8 33. Kg3 Kd7 34. Nd1 Ra3 35. Rc3 Ra1 36. Ne3 b5 37. Bc2 Kxd6 38. Bd1 Kc5 39. Bxf3 Kd4 40. Rxc4+ Kxe3 41. Rb4 Nxf3 42. Rb3+ Kxe4 43. Rxf3 Kxd5 44. Rf7 b4 45. Rxh7 b3 46. Rb7 Kc4 47. Rc7+ Kb4 48. Rb7+ Ka3 49. Kh4 b2 50. Kh5 Rh1 51. h4 Rh3 52. Ra7+ Kb3 53. Rb7+ Kc2 54. Rxb2+ Kxb2 55. Kxh6 Rxh4+ $11 56. Kg5 Rh1 57. Kf6 Kc3 58. g5 Kd4 59. g6 Kd5 60. g7 Rf1+ 61. Ke7 1/2-1/2

[Event "WYCC 2018 O16"]
[Site "Halkidiki"]
[Date "2018.10.29"]
[Round "10"]
[White "Wang, Yanbin"]
[Black "Shubin, Kirill"]
[Result "1-0"]
[ECO "A04"]
[WhiteElo "2220"]
[BlackElo "2369"]
[Annotator "NA"]
[PlyCount "59"]
[EventDate "2018.10.20"]
[EventType "swiss"]
[EventCountry "GRE"]
[SourceTitle "playchess.com"]
[Source "ChessBase"]
[SourceQuality "1"]
[TimeControl "40/5400+30:1800+30"]

1. Nf3 c5 2. g3 Nc6 3. Bg2 g6 4. O-O Bg7 5. d3 e6 6. e4 Nge7 7. c3 d5 8. Qe2 b6 9. Re1 h6 {[%emt 0:00:17] A08: Königsindisch im Anzug} 10. h4 Ba6 11. e5 Qc7 12. a4 Na5 13. Bf4 c4 14. d4 Nb3 15. Ra3 Bb7 $146 ({Vorgänger:} 15... Qb7 16. Bf1 b5 17. Rxb3 cxb3 18. axb5 Bxb5 19. Qxb5+ Qxb5 20. Bxb5+ {1-0 (35) Hoffman,A (2495)-Rosito,J (2340) Argentina 1995}) 16. h5 g5 17. Be3 Nc6 18. Nbd2 Bf8 19. Ra2 Nca5 20. Nh2 O-O-O 21. f4 gxf4 22. Bxf4 Nxd2 23. Qxd2 Bg7 24. Ng4 Bc6 25. Bf3 Nb3 26. Qe3 Qd7 27. Nxh6 Bxa4 28. Ng4 Rhg8 29. Bg5 $18 Rdf8 30. Kf2 1-0

[Event "WYCC 2018 O16"]
[Site "Halkidiki"]
[Date "2018.10.29"]
[Round "10"]
[White "Filgueiras, Nathan Felipe"]
[Black "Lianes Garcia, Marcos"]
[Result "1-0"]
[ECO "C50"]
[WhiteElo "2188"]
[BlackElo "2376"]
[Annotator "NA"]
[PlyCount "59"]
[EventDate "2018.10.20"]
[EventType "swiss"]
[EventCountry "GRE"]
[SourceTitle "playchess.com"]
[Source "ChessBase"]
[SourceQuality "1"]
[TimeControl "40/5400+30:1800+30"]

1. e4 e5 2. Nf3 Nc6 3. Bc4 Bc5 4. O-O Nf6 5. d3 O-O 6. h3 d5 7. exd5 Nxd5 8. Re1 {[%emt 0:09:48] LiveBook: 16 Games} Nb6 9. Bb3 Bd6 10. Nc3 Bf5 11. Ne4 Bg6 $14 12. Bd2 Kh8 13. Bc3 f5 14. Nxd6 cxd6 15. d4 e4 16. d5 exf3 17. dxc6 bxc6 18. Qxf3 Qd7 19. Be6 Qc7 20. Qf4 Rfe8 21. Rad1 Rad8 22. a4 Re7 23. a5 Na8 24. Qg5 f4 25. Bf5 Rf7 26. Bxg6 hxg6 27. Qxg6 Kg8 28. Re6 d5 29. Rde1 Qd7 30. Bxg7 1-0

[Event "WYCC 2018 O16"]
[Site "Halkidiki"]
[Date "2018.10.29"]
[Round "10"]
[White "Petkov, Matey"]
[Black "Morgunov, Daniel"]
[Result "1-0"]
[ECO "D31"]
[WhiteElo "2164"]
[BlackElo "2328"]
[Annotator "NA"]
[PlyCount "61"]
[EventDate "2018.10.20"]
[EventType "swiss"]
[EventCountry "GRE"]
[SourceTitle "playchess.com"]
[Source "ChessBase"]
[SourceQuality "1"]
[TimeControl "40/5400+30:1800+30"]

1. d4 d5 2. c4 e6 3. Nc3 Be7 4. Bf4 Nf6 5. e3 O-O 6. Nf3 b6 7. cxd5 exd5 8. Ne5 {[%emt 0:03:41] LiveBook: 5 Games} Be6 9. Be2 c5 10. O-O Qc8 11. Bf3 Rd8 12. Qa4 Qb7 13. Rfd1 Nfd7 14. e4 $16 Nxe5 15. Bxe5 Bd7 16. Qc2 cxd4 17. Nxd5 Bc5 18. b4 Nc6 19. Bxg7 Nxb4 20. Nxb4 Kxg7 21. e5 Qc8 22. Bxa8 Bxb4 23. Be4 Qxc2 24. Bxc2 Bc3 25. Rac1 Be6 26. Bb3 Bd7 27. Rd3 Bf5 28. Rcxc3 dxc3 29. Rxd8 c2 30. Bxc2 Bxc2 31. Rd7 1-0

[Event "WYCC 2018 O16"]
[Site "Halkidiki"]
[Date "2018.10.29"]
[Round "10"]
[White "Lou, Vincent"]
[Black "Zhalmakhanov, Ramazan"]
[Result "0-1"]
[ECO "E33"]
[WhiteElo "2155"]
[BlackElo "2316"]
[Annotator "NA"]
[PlyCount "62"]
[EventDate "2018.10.20"]
[EventType "swiss"]
[EventCountry "GRE"]
[SourceTitle "playchess.com"]
[Source "ChessBase"]
[SourceQuality "1"]
[TimeControl "40/5400+30:1800+30"]

1. d4 Nf6 2. c4 e6 3. Nc3 Bb4 4. Qc2 Nc6 5. Nf3 d6 6. Bd2 e5 7. d5 Bxc3 8. Bxc3 Ne7 {[%emt 0:00:05] E33: Nimzo-Indian: Classical: 4...Nc6} 9. e4 O-O 10. Be2 Ng6 11. g3 Bh3 12. Ng5 Bg4 $146 ({Predecessor:} 12... Bd7 13. h4 h6 14. Nf3 Bg4 15. Ng1 Re8 16. Bxg4 Nxg4 17. f3 Nf6 18. Ne2 c6 19. Qb3 Qc7 20. Bd2 {½-½ (20) Alterman,B (2615)-Graf,A (2625) Recklinghausen 1998}) 13. h4 h6 14. Bxg4 Nxg4 15. Nf3 Qd7 16. Nh2 Nf6 17. O-O-O c6 18. f4 cxd5 19. exd5 Rfc8 20. Qd3 h5 21. Rhg1 Qa4 $19 22. f5 Ne7 23. g4 Qxc4 24. gxh5 Qxd3 25. Rxd3 Nxh5 26. Rg5 Nf4 27. Rdg3 Ne2+ 28. Kd2 Nxg3 29. Rxg3 Nxf5 30. Rg5 Nxh4 31. Rh5 Ng6 0-1